 Dungeon Crawl Stone Soup version 0.29.0-4-gdea44cf6ec (webtiles) character file.

Game seed: 12078737992385088813

36 qw the Chopper (level 3, -7/21 HPs)
             Began as a Tengu Warper on Aug 28, 2022.
             Killed from afar by Sigmund (9 damage)
             ... with a puff of flame
             ... on level 2 of the Dungeon.
             The game lasted 00:00:08 (1616 turns).

qw the Chopper (Tengu Warper)                       Turns: 1616, Time: 00:00:09

Health: -7/21      AC:  5    Str: 13    XL:     3   Next: 37%
Magic:  7/7        EV: 11    Int: 13    God:
Gold:   109        SH:  0    Dex: 13    Spells: 6/6 levels left

rFire   . . .      SeeInvis .   Y - +0 hand axe
rCold   . . .      Faith    .   (no shield)
rNeg    . . .      Spirit   .   h - +0 ring mail
rPois   .          Reflect  .   (helmet restricted)
rElec   .          Harm     .   (no cloak)
rCorr   .          Rampage  .   (no gloves)
Will    .....                   (boots unavailable)
Stlth   +.........              (no amulet)
HPRegen 0.07/turn               (no ring)
MPRegen 0.10/turn               (no ring)

@: no status effects
A: beak, talons 3
a: no special abilities


You were on level 2 of the Dungeon.
You visited 1 branch of the dungeon, and saw 2 of its levels.

You collected 109 gold pieces.


Innate Abilities, Weirdness & Mutations

You have a beak for a mouth.
You have claws for feet.


   Skills:
 - Level 2.0 Fighting
 + Level 4.1 Axes
 - Level 1.0 Throwing
 - Level 1.1 Armour
 - Level 2.1 Dodging
 - Level 2.0 Spellcasting
 - Level 2.4 Translocations


You had 6 spell levels left.
You didn't know any spells.
Your spell library contained the following spells:

 Spells                   Type           Power      Damage    Failure   Level
 Blink                    Tloc           14%        N/A       30%         2
 Gell's Gravitas          Tloc           7%         N/A       52%         3
 Lesser Beckoning         Tloc           7%         N/A       52%         3
 Teleport Other           Tloc           7%         N/A       52%         3
 Manifold Assault         Tloc           7%         N/A       99%         5

Inventory:

Hand Weapons
 d - a +0 mace
 Y - a +0 hand axe (weapon)
Armour
 h - a +0 ring mail (worn)
Jewellery
 g - a ring of see invisible
Scrolls
 a - a scroll of identify
 b - a scroll of brand weapon {unknown}
Potions
 c - a potion of might {unknown}
 e - a potion of resistance {unknown}
 f - a potion of degeneration {unknown}
 i - a potion of cancellation {unknown}
 j - a potion of curing {unknown}
 k - a potion of haste {unknown}
 l - a potion of heal wounds {unknown}

Dungeon Overview and Level Annotations

Branches:
Dungeon (2/15)

Altars:
Cheibriados

Annotations:
D:2 Sigmund


Message History

You kill the quokka!
You start resting.
HP restored.
Things that are here:
a +0 club; a quokka corpse; a goblin corpse You now have 109 gold pieces (gained 11).
l - a pink potion
There is a stone staircase leading up here.
A ball python comes into view.
1549 ||| Stepping ~*~*~tactically~*~*~ (stealth).
Found a stone staircase leading down.
Enter note: A kobold comes into view. It is wielding a +0 whip.
The kobold shouts!
Sigmund the Dreaded comes into view.
He is wielding a +0 scythe and carrying a wand of flame (17).
Sigmund shouts!
You hear an angry hiss.
A ball python comes into view.
Found 9 gold pieces.
The ball python hisses angrily.
You hit the kobold but do no damage. The kobold barely misses you.
You hit the kobold but do no damage. Your kick misses the kobold.
Sigmund barely misses you. The kobold barely misses you.
The kobold hits you but does no damage.
You barely miss the kobold.
Sigmund mumbles some strange words.
Sigmund flickers and vanishes!
Deactivating autopickup; reactivate with Ctrl-A.
The kobold hits you with a +0 whip.
You barely miss the kobold. Something hits you.
The kobold hits you but does no damage.
You hit the kobold.
You kill the kobold!
A magic dart appears from out of thin air!
The magic dart hits you!
Ouch! That really hurt!
You hear a zap.
A puff of flame appears from out of thin air!
The puff of flame hits you!
You die...

########..##
............
########....
#...# #...#
#.... #####
#....
#.##########...#
#..#.
#...S{@.....#.#
#..##
#$##########...#
#..## ##.##
#.... #.# #.###
#.# #.# ##.##
#.# #...#####.#
#.#.......#
#...#######


You could see a ball python.

Vanquished Creatures
  5 bats
  4 endoplasms
  A giant cockroach (D:2)
  4 goblins
  2 hobgoblins
  2 jackals (D:1)
  3 quokkas (D:2)
  5 ball pythons
  2 frilled lizards (D:1)
  A kobold (D:2)
  2 rats
31 creatures vanquished.

Vanquished Creatures (others)
  A fungus (D:2)
  3 plants (D:2)
4 creatures vanquished.

Grand Total: 35 creatures vanquished

Notes
Turn   | Place    | Note
-------+----------+-------------------------------------------
     0 | D:1      | qw the Tengu Warper began the quest for the Orb.
     0 | D:1      | Reached XP level 1. HP: 12/12 MP: 4/4
     0 | D:1      | 0 ||| qw: Version: 0.1-a-89-g26bdef1
     0 | D:1      | 0 ||| qw: Game counter: 1204
     0 | D:1      | 0 ||| qw: Always use a shield: true
     0 | D:1      | 0 ||| qw: God list: Okawaru
     0 | D:1      | 0 ||| qw: Allow faded altars: false
     0 | D:1      | 0 ||| qw: Do Orc after D:15 true
     0 | D:1      | 0 ||| qw: Do second Lair branch before Depths: true
     0 | D:1      | 0 ||| qw: Lair rune preference: random
     0 | D:1      | 0 ||| qw: Plans: Normal
     0 | D:1      | 0 ||| PLANNING D:1-11
   179 | D:1      | Reached XP level 2. HP: 14/17 MP: 6/6
   237 | D:1      | Reached skill level 3 in Axes
   855 | D:1      | 855 ||| Stepping ~*~*~tactically~*~*~ (stealth).
   883 | D:1      | 883 ||| UPGRADING to +0 ring mail.
   893 | D:1      | 893 ||| DROPPING +0 leather armour.
   894 | D:1      | 894 ||| READING 2 scrolls labelled DOISEUCWASO.
   895 | D:1      | 895 ||| READING scroll labelled OFRUUSM XAHI.
   896 | D:1      | 896 ||| READING scroll labelled HOMISOONAN.
   901 | D:1      | 901 ||| READING scroll labelled JYKLOHECVI.
   902 | D:1      | 902 ||| DROPPING scroll of blinking.
  1069 | D:2      | 1069 ||| Stepping ~*~*~tactically~*~*~ (stealth).
  1092 | D:2      | Found a faded altar of an unknown god.
  1095 | D:2      | 1095 ||| Stepping ~*~*~tactically~*~*~ (stealth).
  1146 | D:2      | Reached XP level 3. HP: 20/21 MP: 7/7
  1289 | D:2      | Found a snail-covered altar of Cheibriados.
  1298 | D:2      | 1298 ||| Stepping ~*~*~tactically~*~*~ (stealth).
  1304 | D:2      | Reached skill level 4 in Axes
  1313 | D:2      | 1313 ||| Stepping ~*~*~tactically~*~*~ (stealth).
  1314 | D:2      | 1314 ||| Stepping ~*~*~tactically~*~*~ (stealth).
  1315 | D:2      | 1315 ||| Stepping ~*~*~tactically~*~*~ (stealth).
  1549 | D:2      | 1549 ||| Stepping ~*~*~tactically~*~*~ (stealth).
  1608 | D:2      | Noticed Sigmund
  1615 | D:2      | HP: 2/21 [something/magic dart (12)]
  1616 | D:2      | Killed from afar by Sigmund

Levels and vault maps discovered:
D:1:      amcnicky_arrival_feature_with_door, layout_basic
D:2:      layout_loops_ring, basic_altar, shapermc_ecumenical_altar_rom_forum,
          uniq_sigmund

Skill      XL: |  1  2  3 |
---------------+----------+-----
Axes           | 3 4 |  4.1
Fighting       | |  2.0
Throwing       | |  1.0
Armour         | |  1.1
Dodging        | |  2.1
Spellcasting   | |  2.0
Translocations | |  2.4

Action                   || total
-------------------------++-------
Melee: Hand axe          ||    71
       Kick              ||     8
       Peck              ||     8
Throw: Boomerang         ||     7
  Use: Scroll            ||     4
Armor: Leather armour    ||    10
       Ring mail         ||    19
Dodge: Dodged            ||    32

Table legend:
 A = Non-vault XP
 B = Vault XP
 C = Vault XP percentage of total XP
 D = Non-vault monster count
 E = Vault monster count
 F = Vault count percentage of total count
                 A         B        C        D         E       F
            +---------+---------+-------+---------+---------+-------
      Total |      52 |       0 |   0.0 |      31 |       0 |   0.0
            +---------+---------+-------+---------+---------+-------
        D:1 |      24 |       0 |   0.0 |      15 |       0 |   0.0
        D:2 |      28 |       0 |   0.0 |      16 |       0 |   0.0
            +---------+---------+-------+---------+---------+-------
